Map: Romantizid LE

Players

HappyCooki - Winner!

  • Race: Zerg Zerg
  • League: Diamond

KarlMarxxx

  • Race: Terran Terran
  • League: Diamond

VOD

Have the link to the VOD?

Description

Time

  • Played on: June 20, 2021, 6:44 p.m.
  • Length: 29:22
Show
View Real Time Build Order
Export as new Build Order

HappyCooki Zerg - Winner!

Build Orders: 3 Hatch before Pool, Muta Ling Bane 

Get SALT Encoding   

  12  0:00  Drone  
  13  0:12  Overlord  
  13  0:16  Drone  
  14  0:30  Drone x2  
  14  0:34  Drone  
  17  0:52  Hatchery  
  17  0:55  Drone  
  17  1:10  Drone  
  18  1:19  Hatchery  
  17  1:31  Spawning Pool  
  16  1:35  Drone  
  17  1:43  Drone  
  18  1:48  Drone x2  
  18  1:49  Extractor  
  19  1:59  Drone  
  20  2:04  Drone  
  20  2:08  Drone  
  22  2:14  Drone  
  23  2:19  Queen  
  23  2:20  Queen  
  27  2:29  Zergling x2  
  28  2:31  Extractor  
  28  2:35  Queen  
  28  2:53  Drone x3  
  31  3:00  Drone x2  
  33  3:08  Metabolic Boost  
  33  3:10  Drone  
  34  3:14  Overlord  
  34  3:23  Overlord  
  34  3:36  Drone x8  
  42  3:41  Overlord  
  42  3:43  Drone  
  42  3:46  Zergling x2  
  42  3:47  Zergling x2  
  45  3:55  Lair  
  45  3:57  Drone x2  
  45  3:59  Drone  
  48  4:13  Drone x8  
  48  4:17  Extractor  
  55  4:22  Drone  
  56  4:31  Zergling x2  
  56  4:32  Zergling x2  
  58  4:40  Overlord x2  
  58  4:42  Queen  
  57  4:46  Queen  
  52  5:00  Drone x2  
  52  5:01  Drone  
  52  5:02  Drone x9  
  52  5:05  Extractor x2  
  61  5:11  Spire  
  61  5:13  Extractor  
  59  5:18  Queen  
  59  5:20  Drone x2  
  59  5:21  Drone x2  
  64  5:22  Drone x2  
  64  5:23  Overlord  
  67  5:43  Drone  
  67  5:44  Drone x2  
  68  5:53  Drone x3  
  69  6:09  Zergling x16  
  77  6:18  Overlord  
  77  6:19  Overlord  
  77  6:22  Overlord  
  77  6:25  Zergling x2  
  77  6:26  Zergling x8  
  77  6:29  Zerg Flyer Weapons Level 1  
  82  6:37  Mutalisk x7  
  82  6:39  Mutalisk  
  98  6:41  Mutalisk  
  98  6:42  Mutalisk x3  
  106  6:53  Overseer  
  106  7:01  Overlord x3  
  106  7:20  Overseer  
  106  7:21  Spore Crawler  
  105  7:24  Spore Crawler  
  105  7:26  Mutalisk x7  
  105  7:29  Spore Crawler  
  115  7:45  Spore Crawler  
  108  8:04  Baneling Nest  
  107  8:07  Evolution Chamber  
  107  8:08  Evolution Chamber  
  105  8:18  Hatchery  
  104  8:20  Hatchery  
  104  8:25  Mutalisk x9  
  121  8:49  Centrifical Hooks  
  121  8:51  Zerg Ground Armor Level 1, Zerg Melee Weapons Level 1  
  121  9:08  Drone x2  
  123  9:10  Drone  
  123  9:11  Drone  
  123  9:12  Drone x4  
  123  9:14  Drone  
  123  9:16  Overlord x4  
  130  9:23  Baneling x16  
  130  9:24  Baneling x9  
  126  9:49  Zergling x2  
  126  9:50  Zergling x42  
  148  10:03  Drone x7  
  148  10:04  Drone x3  
  158  10:09  Drone x4  
  158  10:10  Drone  
  132  11:04  Mutalisk  
  134  11:15  Zerg Melee Weapons Level 2  
  134  11:17  Drone  
  135  11:27  Zergling x2  
  135  11:31  Hatchery  
  117  11:39  Zergling x2  
  113  11:40  Zergling x62  
  113  11:41  Zergling x2  
  139  11:47  Zerg Ground Armor Level 2  
  139  11:48  Zerg Flyer Weapons Level 2  
  139  11:55  Hatchery  
  138  12:04  Drone x2  
  138  12:05  Drone x2  
  138  12:08  Extractor  
  141  12:09  Extractor  
  141  12:15  Baneling x11  
  140  12:16  Baneling x2  
  140  12:29  Spore Crawler  
  98  12:46  Hatchery  
  98  12:48  Drone x2  
  98  12:49  Zergling x2  
  98  12:50  Zergling x42  
  98  12:51  Zergling x10  
  126  12:54  Zergling x2  
  127  13:02  Drone x3  
  130  13:13  Infestation Pit  
  130  13:16  Zergling x2  
  130  13:17  Zergling x24  
  130  13:18  Overlord x2  
  122  14:02  Baneling  
  122  14:03  Zergling x2, Baneling x6  
  122  14:04  Zergling x36  
  122  14:05  Zergling x6  
  122  14:09  Hive  
  144  14:11  Pathogen Glands  
  144  14:14  Drone x3  
  144  14:16  Drone x5  
  152  14:18  Drone x6  
  158  14:26  Unknown  
  158  14:30  Baneling x5  
  157  14:32  Pneumatized Carapace  
  157  14:33  Overseer x2  
  157  14:34  Overlord x2, Overseer  
  157  14:35  Overlord  
  157  14:37  Mutalisk x8  
  157  14:38  Mutalisk x2  
  177  14:41  Zerg Flyer Armor Level 1  
  177  14:51  Spine Crawler x2  
  177  14:52  Spine Crawler x3, Drone x3  
  176  14:53  Drone  
  142  15:06  Zergling x2  
  130  15:07  Zergling x32  
  142  15:40  Baneling  
  142  15:41  Baneling x5  
  140  15:48  Zerg Melee Weapons Level 3  
  140  15:49  Zerg Ground Armor Level 3  
  137  15:50  Adrenal Glands  
  137  15:55  Zergling x16  
  137  15:56  Zergling x18  
  154  15:59  Zergling x2  
  154  16:00  Zergling x10  
  160  16:13  Hatchery  
  161  16:21  Baneling x10  
  161  16:22  Baneling  
  161  16:25  Corruptor, Infestor  
  161  16:26  Infestor x8  
  161  16:27  Hatchery  
  180  16:33  Drone x2  
  180  16:34  Drone x4  
  134  17:00  Zergling x26  
  134  17:01  Zergling x8  
  119  17:14  Zergling x8  
  119  17:15  Zergling x4  
  100  17:24  Zergling x16  
  108  17:32  Zergling x2  
  108  17:33  Zergling x4  
  110  17:48  Zergling x2  
  110  17:49  Zergling x10  
  94  18:10  Drone x5  
  99  18:13  Drone x9  
  79  18:47  Zergling x2  
  79  18:48  Zergling x38  
  94  18:51  Queen  
  94  18:53  Queen  
  94  18:54  Drone  
  100  18:58  Hatchery  
  99  19:12  Ultralisk Cavern  
  98  19:18  Baneling  
  98  19:19  Baneling x8  
  98  19:20  Zergling x14  
  98  19:21  Zergling x14  
  112  19:31  Hatchery  
  112  19:38  Infestor x4  
  105  19:56  Zergling x2  
  105  19:58  Zergling x2  
  105  19:59  Zergling x26  
  97  20:03  Baneling  
  94  20:15  Zergling x2  
  94  20:16  Ultralisk, Zergling x8  
  94  20:17  Ultralisk x4  
  120  20:46  Hatchery  
  119  20:55  Hatchery  
  119  20:56  Ultralisk  
  124  20:57  Ultralisk x2  
  124  20:59  Anabolic Synthesis  
  136  21:04  Baneling  
  136  21:05  Baneling x11  
  136  21:06  Zergling x2  
  118  21:34  Ultralisk  
  118  21:35  Ultralisk x3  
  136  21:49  Zergling x2  
  136  21:50  Zergling x32  
  153  21:58  Chitinous Plating  
  153  22:00  Queen  
  155  22:04  Extractor  
  155  22:05  Drone x6  
  160  22:22  Extractor x2  
  160  22:23  Queen  
  160  22:25  Extractor  
  160  22:26  Extractor  
  146  22:50  Ultralisk  
  152  22:51  Zergling x2  
  152  22:52  Zergling x48  
  152  22:53  Zergling x6  
  179  22:58  Zergling x2  
  179  22:59  Zergling x6  
  179  23:05  Spine Crawler  
  182  23:07  Drone x3  
  182  23:09  Overlord, Spine Crawler  
  156  23:40  Zergling x18  
  156  23:41  Zergling x24  
  119  24:19  Zergling x8  
  119  24:20  Zergling x28  
  96  24:40  Zergling x2  
  96  24:41  Zergling x10  
  96  24:44  Zergling x2  
  96  24:45  Ultralisk  
  99  24:46  Ultralisk x4  
  99  24:48  Queen  
  99  24:51  Queen  
  125  24:54  Drone x3  
  125  24:55  Drone x2  
  129  25:12  Baneling  
  129  25:13  Baneling x13  
  128  25:15  Ultralisk x2  
  128  25:16  Ultralisk  
  142  25:23  Overseer x2  
  142  25:26  Spore Crawler  
  139  25:52  Zergling x2  
  139  25:53  Zergling x12  
  139  25:54  Ultralisk x2  
  129  26:38  Overlord x3  
  128  26:40  Overseer x2  
  123  26:55  Zergling x10  
  123  26:56  Zergling x58  
  123  26:57  Zergling x4  
  159  27:16  Hatchery  
  158  27:28  Baneling  
  158  27:29  Baneling x16  
  158  27:32  Ultralisk x2  
  158  27:34  Corruptor  
  172  27:37  Overlord x2  
  172  27:38  Overlord  
  172  27:46  Corruptor  
  172  27:48  Overlord x2  
  170  28:02  Corruptor  
  170  28:03  Corruptor x4  
  176  28:11  Corruptor  
  155  28:50  Zergling x2  
  155  28:51  Zergling x42  
Show
View Real Time Build Order
Export as new Build Order

KarlMarxxx Terran 

Build Orders: Reaper Expand 

Get SALT Encoding   

  12  0:00  SCV  
  13  0:12  SCV  
  14  0:17  Supply Depot  
  14  0:25  SCV  
  15  0:39  SCV  
  15  0:40  Barracks  
  16  0:43  Refinery  
  16  0:51  SCV  
  17  1:03  SCV  
  18  1:15  SCV  
  19  1:28  Reaper  
  20  1:32  Orbital Command  
  20  1:39  Command Center  
  20  1:56  Supply Depot  
  20  1:58  SCV  
  20  2:01  Marine  
  22  2:08  Factory  
  22  2:10  SCV  
  23  2:23  SCV  
  23  2:27  Barracks Reactor  
  24  2:35  SCV  
  25  2:47  SCV  
  26  2:59  Command Center, SCV  
  26  3:05  Orbital Command  
  27  3:11  SCV  
  28  3:16  Starport  
  28  3:19  Refinery  
  28  3:23  Hellion, SCV  
  28  3:27  Hellion  
  33  3:31  SCV  
  34  3:35  SCV  
  35  3:43  SCV  
  35  3:44  Hellion  
  35  3:47  SCV  
  35  3:48  Hellion  
  41  3:49  Supply Depot  
  41  3:55  SCV  
  41  3:57  Barracks Tech Lab  
  41  3:59  SCV  
  41  4:01  Starport Tech Lab  
  43  4:08  SCV  
  44  4:11  SCV  
  44  4:12  SCV  
  46  4:20  SCV  
  46  4:24  Marine, SCV  
  48  4:25  Marine  
  48  4:27  Barracks  
  50  4:31  Orbital Command  
  50  4:32  SCV  
  50  4:36  SCV  
  52  4:42  Marine x2  
  52  4:44  SCV  
  55  4:48  SCV  
  52  4:56  SCV  
  49  5:00  Marine x2  
  49  5:01  Orbital Command  
  49  5:02  Cloaking Field  
  49  5:03  Banshee  
  53  5:07  SCV  
  53  5:08  SCV  
  55  5:16  Stimpack  
  55  5:18  Marine x2, Factory Reactor  
  55  5:19  SCV  
  55  5:20  SCV  
  59  5:23  Refinery  
  59  5:31  SCV  
  59  5:32  SCV  
  59  5:33  Engineering Bay  
  59  5:35  Refinery  
  61  5:36  Marine x2  
  61  5:38  Engineering Bay, SCV  
  64  5:43  SCV  
  64  5:44  SCV  
  66  5:50  SCV  
  66  5:54  Banshee  
  66  5:56  SCV  
  69  6:01  Supply Depot, SCV  
  69  6:02  SCV  
  68  6:05  Supply Depot  
  68  6:06  Terran Infantry Weapons Level 1, Supply Depot, Terran Infantry Armor Level 1  
  68  6:08  SCV  
  68  6:10  Marine x2  
  68  6:11  Marine  
  68  6:12  Widow Mine  
  68  6:13  Widow Mine, SCV  
  68  6:14  SCV  
  74  6:20  SCV  
  74  6:25  Barracks, SCV  
  76  6:26  SCV  
  76  6:27  Barracks x2  
  76  6:30  Marine x3  
  76  6:32  SCV  
  81  6:37  SCV  
  81  6:38  SCV  
  83  6:44  SCV  
  84  6:48  Marine x3  
  84  6:49  SCV  
  84  6:51  SCV  
  84  6:53  Barracks  
  89  6:57  Factory Reactor  
  89  7:02  Medivac x2  
  89  7:05  Marine x2, SCV  
  89  7:06  Marine, SCV  
  89  7:08  Refinery  
  98  7:10  Refinery  
  98  7:15  Command Center  
  98  7:18  SCV x3  
  98  7:22  Barracks Reactor x3  
  101  7:33  Marine, SCV  
  101  7:34  Marine, SCV  
  101  7:35  Medivac, Supply Depot, SCV  
  101  7:36  Supply Depot  
  100  7:37  Supply Depot  
  100  7:41  Marine x2  
  91  7:45  SCV  
  91  7:46  SCV  
  86  7:51  Marine  
  86  7:52  Marine, Missile Turret  
  86  7:53  Missile Turret  
  86  7:54  Missile Turret  
  86  7:55  SCV  
  86  7:57  SCV  
  86  7:58  SCV  
  88  8:07  SCV  
  88  8:09  SCV  
  88  8:10  SCV  
  88  8:11  Marine x5  
  88  8:12  Marine x3, Missile Turret  
  99  8:13  Missile Turret, Widow Mine x2  
  99  8:14  Marine  
  99  8:15  Marine, Combat Shield  
  99  8:19  SCV  
  106  8:21  SCV  
  106  8:22  SCV  
  108  8:29  Marine  
  108  8:31  SCV  
  108  8:33  SCV  
  111  8:34  Widow Mine, SCV  
  113  8:43  SCV  
  113  8:45  Marine x6  
  113  8:46  Marine x2  
  113  8:48  Armory  
  121  8:53  Marine  
  121  8:54  Marine  
  125  8:56  Medivac, Widow Mine x2  
  125  8:57  Medivac, Missile Turret  
  131  9:03  Marine x4  
  131  9:04  Supply Depot  
  131  9:07  Barracks x2  
  131  9:08  Supply Depot  
  131  9:09  Barracks  
  135  9:13  Marine x5  
  140  9:26  Medivac, Marine x3  
  139  9:40  Marine x6  
  139  9:41  Marine  
  139  9:44  Marine x3  
  146  9:57  Barracks Reactor, Marine  
  146  9:58  Barracks Reactor x2, Marine x5  
  146  9:59  Marine, SCV x3  
  156  10:12  Supply Depot x2  
  156  10:14  Supply Depot  
  156  10:20  Factory  
  156  10:22  Marine  
  156  10:27  Marine x7, SCV  
  164  10:33  Marine x2  
  166  10:38  Supply Depot  
  166  10:40  Marine  
  167  10:44  Marine x4  
  156  10:50  Marine x3  
  156  10:51  Marine x8  
  156  10:55  Medivac  
  169  10:58  Marine  
  169  11:02  Marine x4  
  154  11:08  Marine x8  
  154  11:09  Marine x3  
  141  11:15  Marine  
  141  11:16  Widow Mine x2  
  146  11:20  Marine x4  
  146  11:23  Factory Tech Lab  
  146  11:25  SCV x2  
  129  11:38  Widow Mine  
  127  11:48  Command Center  
  127  11:54  Command Center  
  127  11:56  Marine x12, Supply Depot  
  127  11:57  Marine x4  
  127  11:59  Drilling Claws  
  143  12:13  Marine  
  143  12:14  Marine x3  
  147  12:21  Supply Depot  
  123  12:37  Marine  
  123  12:38  Marine x15  
  123  12:39  Terran Infantry Armor Level 2, Terran Infantry Weapons Level 2  
  123  12:44  Supply Depot  
  108  12:49  SCV x3  
  109  12:55  Marine  
  109  12:56  Marine x12  
  122  13:00  Widow Mine x3  
  122  13:01  SCV x2  
  122  13:02  SCV  
  131  13:06  Supply Depot, Planetary Fortress  
  131  13:13  Medivac x2, SCV  
  131  13:14  SCV x2  
  138  13:21  Widow Mine x2  
  138  13:22  Widow Mine  
  138  13:23  Refinery  
  144  13:28  Marine x3  
  144  13:29  Marine x2, Marauder x2  
  153  13:43  Medivac x2, Widow Mine  
  158  13:50  Marauder x2  
  150  14:04  SCV x3  
  150  14:05  SCV  
  150  14:06  Marine x8  
  150  14:07  Marine x6  
  168  14:11  Marine, Marauder  
  168  14:13  Medivac x2  
  168  14:16  SCV x3  
  168  14:17  SCV  
  179  14:23  Command Center  
  179  14:24  Marine x13  
  180  14:25  Marine  
  180  14:28  SCV x3  
  196  14:35  Supply Depot  
  196  14:40  Supply Depot  
  196  14:57  Medivac, Marine x2  
  145  15:07  Marine  
  145  15:08  Marine x13  
  158  15:14  Marine x2  
  155  15:23  Widow Mine  
  155  15:24  Widow Mine x2  
  155  15:25  Marine  
  155  15:26  Marine x13  
  175  15:32  Marine x2  
  172  15:43  Marine  
  172  15:44  Marine x11  
  172  15:45  Widow Mine x3  
  190  15:53  Barracks  
  190  15:54  Barracks  
  190  15:55  Command Center, Medivac x2  
  190  15:56  Command Center  
  194  16:12  Terran Infantry Weapons Level 3, Terran Infantry Armor Level 3  
  194  16:13  Terran Vehicle And Ship Armor Level 1  
  194  16:24  Medivac  
  194  16:25  Medivac  
  133  16:57  Marine  
  133  16:58  Marine x15  
  141  17:15  Marine  
  138  17:16  Marine x15  
  121  17:33  Marine x3, Widow Mine x3  
  121  17:34  Marine x3  
  131  17:37  Orbital Command  
  124  17:54  Widow Mine x3  
  129  18:04  Planetary Fortress  
  124  18:07  SCV x5  
  124  18:11  Marine  
  130  18:15  Widow Mine  
  130  18:16  Widow Mine x2  
  130  18:19  SCV  
  121  18:53  Orbital Command  
  121  18:54  Planetary Fortress  
  121  19:00  Marine  
  121  19:01  Marine x14  
  121  19:02  Marine  
  137  19:05  Barracks Reactor  
  137  19:09  SCV  
  138  19:12  Barracks Tech Lab  
  138  19:18  Marine  
  138  19:19  Marine x15  
  154  19:36  Marine  
  154  19:37  Marine x6  
  161  19:39  Marine  
  161  19:40  Marine x11  
  156  19:54  Marine x4  
  156  19:55  Marine x3  
  156  19:57  Marine  
  156  19:58  Marine x3  
  156  19:59  Marine  
  158  20:00  Marine x7  
  158  20:03  Widow Mine x3  
  171  20:12  Marine x7  
  178  20:15  Marine  
  178  20:16  Marine x2  
  178  20:18  Marauder x2  
  184  20:24  Widow Mine  
  184  20:25  Widow Mine  
  157  20:31  Marine  
  157  20:32  Marine x13  
  157  20:33  Marine x3  
  157  20:34  Widow Mine  
  157  20:35  Medivac  
  175  20:39  Marine x2  
  177  20:46  Widow Mine x2  
  177  20:49  Marine  
  182  20:50  Marine x9  
  182  20:56  Widow Mine  
  190  20:58  Marine  
  190  20:59  Marine x8  
  199  21:07  Marine  
  126  21:40  Marine x11, Marauder  
  126  21:41  Marine x5, Marauder  
  126  21:42  Marauder  
  148  21:48  Ghost Academy  
  148  21:54  Orbital Command  
  148  21:58  Marine  
  149  22:01  Marauder  
  149  22:03  Marauder x2  
  149  22:06  Marine  
  149  22:07  Marine x14  
  170  22:09  Liberator  
  170  22:10  Liberator  
  176  22:15  Marine  
  176  22:22  Marine  
  177  22:23  Marine  
  177  22:24  Marine x2  
  177  22:25  Marine x14  
  195  22:33  Marine  
  192  22:40  Marine  
  192  22:42  Marauder x2  
  193  22:52  Marine, Liberator  
  193  22:53  Liberator  
  200  23:02  Ghost  
  200  23:03  Ghost  
  192  23:16  Refinery  
  192  23:19  Refinery  
  192  23:22  Refinery  
  192  23:24  Refinery  
  186  23:31  Ghost  
  187  23:35  Medivac  
  187  23:36  Medivac  
  116  23:58  Marine x6  
  116  23:59  Marine x11  
  116  24:00  Marine  
  128  24:05  Medivac x2  
  128  24:06  Marine  
  132  24:16  Marine x10  
  132  24:17  Marine x6  
  140  24:18  Marine  
  146  24:24  Marine  
  146  24:33  Marine  
  146  24:34  Marine x11  
  146  24:35  Marine  
  146  24:36  Marine  
  160  24:42  Marine  
  161  24:47  Marine  
  161  24:50  Marine  
  161  24:52  Marine x10  
  159  24:53  Marine x2  
  162  25:00  Marine  
  162  25:05  Marine  
  164  25:08  Marine  
  164  25:10  Marine x10  
  164  25:11  Marine x2  
  173  25:18  Command Center  
  173  25:19  Command Center  
  173  25:47  Ghost  
  173  25:53  Marine x2, Refinery x2  
  173  26:10  Ghost, Marine  
  173  26:11  Marine  
  111  26:28  Marine  
  111  26:29  Marine  
  111  26:30  Marine x12  
  125  26:34  Widow Mine x2  
  125  26:38  Ghost  
  131  26:45  Marine  
  132  26:47  Ghost  
  134  27:01  Marine x2  
  134  27:02  Marine x10  
  134  27:03  Marine  
  134  27:07  Ghost, Orbital Command  
  134  27:08  Orbital Command  
  149  27:16  Ghost  
  149  27:19  Marine x8  
  149  27:20  Marine x4  
  149  27:21  Marine  
  164  27:35  Ghost  
  164  27:37  Marine x12, Orbital Command  
  166  27:39  Marine  
  176  28:33  Supply Depot  
  176  28:34  Supply Depot  
  176  28:36  Supply Depot  
  176  28:37  Marine x7  
  176  28:38  Marine x8, Supply Depot  
  129  28:55  Marine x3  
  87  28:56  Marine  
Tags
 
Add a new tag
Caveats
  • Supply blocks, unpowered buildings, or Contaminate may cause inaccurate times.
  • Supply counts are checked every 10 seconds.